 Dungeon Crawl Stone Soup version 0.21.1-1-g345015fe64 (webtiles) character file.

1383 KleinerIrrer the Vexing (level 8, -6/61 HPs)
             Began as a Gnoll Arcane Marksman on Mar 16, 2018.
             Mangled by a black bear (7 damage)
             ... on level 8 of the Dungeon.
             The game lasted 00:31:46 (7770 turns).

KleinerIrrer the Vexing (Gnoll Arcane Marksman)     Turns: 7770, Time: 00:31:47

Health: -6/61      AC:  5    Str: 14    XL:     8   Next: 67%
Magic:  6/14       EV: 14    Int: 15    God:
Gold:   235        SH:  0    Dex: 17    Spells: 9/16 levels left

rFire    . . .     SeeInvis .   w - +0 blowgun
rCold    . . .     Gourm    .   (no shield)
rNeg     . . .     Faith    .   r - +0 ring mail
rPois    .         Spirit   .   (no helmet)
rElec    .         Reflect  .   (no cloak)
rCorr    .         Harm     +   (no gloves)
MR       .....                  (no boots)
Stlth    ++........             e - amulet of harm
HPRegen  0.20/turn              (no ring)
MPRegen  0.14/turn              (no ring)

@: no status effects
A: distributed training, fangs 1, strong nose
a: no special abilities


You were on level 8 of the Dungeon.
You were hungry.

You visited 1 branch of the dungeon, and saw 6 of its levels.
You also visited: Ossuary.

You collected 235 gold pieces.

Inventory:

Hand Weapons
 d - a +0 club
 h - a +0 dagger
 l - a +1 short sword of venom
 v - a +0 spear
 w - a +0 blowgun (weapon)
 N - a +1 flail of protection
Missiles
 c - 3 javelins (quivered)
 k - a throwing net
 m - 38 bolts
 s - 30 sling bullets
 A - 20 arrows
 B - 8 exploding tomahawks
Armour
 a - a +0 robe
 r - a +0 ring mail (worn)
 C - a +0 scale mail
Jewellery
 e - an amulet of harm (around neck)
 q - a +5 amulet of reflection {unknown}
 K - a cursed -2 ring of slaying {unknown}
Wands
 L - a wand of enslavement (7)
Scrolls
 i - a scroll of immolation {unknown}
 o - a scroll of blinking {unknown}
 t - a scroll of fog {unknown}
 u - a scroll of remove curse {unknown}
 y - 2 scrolls of noise {unknown}
 z - a scroll of identify {unknown}
 P - a scroll of teleportation {unknown}
Potions
 g - a potion of mutation {unknown}
 j - a potion of flight
 n - a potion of magic
 p - 2 potions of agility
 D - a potion of curing
 E - a potion of invisibility {unknown}
 F - a potion of resistance {unknown}
 G - 2 potions of brilliance
 H - a potion of cancellation {unknown}
 O - a potion of haste
Books
 b - a book of Debilitation

   Spells                             Type                      Level
   a - Corona                         Hexes                        1
   b - Slow                           Hexes                        2
   c - Inner Flame                    Hexes/Fire                   3
   d - Portal Projectile              Hexes/Translocation          3
   e - Cause Fear                     Hexes                        4
   f - Leda's Liquefaction            Hexes/Earth                  4
 M - a book of Conjurations

   Spells                             Type                      Level
   a - Magic Dart                     Conjuration                  1
   b - Searing Ray                    Conjuration                  2
   c - Dazzling Spray                 Conjuration/Hexes            3
   d - Fulminant Prism                Conjuration/Hexes            4
   e - Force Lance                    Conjuration/Translocation    4
   f - Iskenderun's Mystic Blast      Conjuration                  4
Comestibles
 f - 10 rations


   Skills:
 + Level 4.3 Fighting
 + Level 3.4 Short Blades
 + Level 3.4 Long Blades
 + Level 3.4 Axes
 + Level 3.4 Maces & Flails
 + Level 3.4 Polearms
 + Level 3.4 Staves
 + Level 3.4 Slings
 + Level 3.4 Bows
 + Level 3.4 Crossbows
 + Level 5.8 Throwing
 + Level 3.4 Armour
 + Level 5.8 Dodging
 + Level 3.4 Stealth
 + Level 3.4 Shields
 + Level 3.4 Unarmed Combat
 + Level 4.5 Spellcasting
 + Level 2.8 Conjurations
 + Level 6.2 Hexes
 + Level 2.8 Charms
 + Level 2.8 Summonings
 + Level 2.8 Necromancy
 + Level 2.8 Translocations
 + Level 2.8 Transmutations
 + Level 2.8 Fire Magic
 + Level 2.8 Ice Magic
 + Level 2.8 Air Magic
 + Level 2.8 Earth Magic
 + Level 2.8 Poison Magic
 + Level 3.7 Invocations
 + Level 3.4 Evocations


You had 9 spell levels left.
You knew the following spells:

 Your Spells              Type           Power        Failure   Level  Hunger
a - Corona                Hex            ###....      2%          1    None
b - Slow                  Hex            ###.....     4%          2    ##.....
c - Cause Fear            Hex            ###.......   26%         4    ####...


Dungeon Overview and Level Annotations

Branches:
Dungeon (5/15)
 Temple: D:4-7

Altars:
Ashenzari
Dithmenos
Fedhas
Gozag
Ru
Sif Muna
The Shining One

Shops:
D:8 ?

Annotations:
D:4 Fuxmar's ghost, amateur GrFi


Innate Abilities, Weirdness & Mutations

Your experience applies equally to all skills.
You have very sharp teeth.
Your uncanny sense of smell can sniff out nearby items.


Message History

Press: ? - help, Shift-Dir - straight line, f/p - black bear
Aim: a black bear (almost dead, berserk, fast, unusually strong, poisoned, chance to defeat MR: 62%)
The black bear resists with significant effort.
The black bear barely misses you. The black bear claws you.
* * * LOW HITPOINT WARNING * * *
The black bear barely misses you. The black bear bites you.
* * * LOW HITPOINT WARNING * * *
The black bear claws you.
* * * LOW HITPOINT WARNING * * *
The black bear barely misses you.
Casting: Slow
Confirm with . or Enter, or press ? or * to list all spells.
Aiming: Slow
Press: ? - help, Shift-Dir - straight line, f/p - black bear
Aim: a black bear (almost dead, berserk, fast, unusually strong, poisoned, chance to defeat MR: 62%)
The black bear resists with significant effort.
The black bear barely misses you. The black bear claws you.
* * * LOW HITPOINT WARNING * * *
The black bear claws you.
You die...

...#..?...# ##...###...##
#.........# #........8...
#.........# #....###...##
...##.....# #...# +#.#+
##.....###..# #.#
.........)(...# ##.##
..............#∆ ##...##
...###.#...(...####.....#
... #.#@h...............
h. #.#..(...#######.###
..#...((..# ##.# ∆
#......(#####..###
.....###....(.(...((.
....... #...(#########
##..... #....# #.##.#
#...## #. #. #...#


You could see a black bear (berserk).

Vanquished Creatures
  Edmund (D:5)
  A phantom (D:5)
  A sky beast (D:8)
  An ogre (D:3)
  A centaur (D:8)
  2 water moccasin zombies (Ossuary)
  6 killer bees (D:8)
  An orc priest (D:3)
  6 hounds
  2 centaur skeletons (D:4)
  2 worker ants
  A hound skeleton (D:4)
  2 mummies (Ossuary)
  4 adders
  A shadow imp (D:5)
  An ooze (D:4)
  3 adder zombies
  2 adder skeletons
  4 worms
  3 leopard geckos
  10 orcs
  5 giant cockroaches
  9 hobgoblins
  11 jackals
  9 kobolds
  2 quokkas
  11 bats
  8 frilled lizards
  3 gnoll zombies (Ossuary)
  10 goblins
  7 hobgoblin zombies (Ossuary)
  8 kobold zombies (Ossuary)
  3 orc zombies (Ossuary)
  11 rats
152 creatures vanquished.

Notes
Turn   | Place    | Note
-------+----------+-------------------------------------------
     0 | D:1      | KleinerIrrer the Gnoll Arcane Marksman began the quest for the Orb.
     0 | D:1      | Reached XP level 1. HP: 17/17 MP: 4/4
   120 | D:1      | Reached XP level 2. HP: 17/23 MP: 5/5
   395 | D:1      | Learned a level 2 spell: Slow
   794 | D:1      | Reached XP level 3. HP: 6/28 MP: 0/7
  1660 | D:1      | Reached skill level 1 in Invocations
  1982 | D:2      | Found a blossoming altar of Fedhas.
  2021 | D:2      | Found a sacrificial altar of Ru.
  2021 | D:2      | Found a shattered altar of Ashenzari.
  2040 | D:2      | Reached skill level 1 in Short Blades
  2040 | D:2      | Reached skill level 1 in Long Blades
  2040 | D:2      | Reached skill level 1 in Axes
  2040 | D:2      | Reached skill level 1 in Maces & Flails
  2040 | D:2      | Reached skill level 1 in Polearms
  2040 | D:2      | Reached skill level 1 in Staves
  2040 | D:2      | Reached skill level 1 in Slings
  2040 | D:2      | Reached skill level 1 in Bows
  2040 | D:2      | Reached skill level 1 in Crossbows
  2040 | D:2      | Reached skill level 1 in Armour
  2040 | D:2      | Reached skill level 1 in Stealth
  2040 | D:2      | Reached skill level 1 in Shields
  2040 | D:2      | Reached skill level 1 in Unarmed Combat
  2040 | D:2      | Reached skill level 1 in Evocations
  2121 | D:2      | Reached XP level 4. HP: 34/34 MP: 6/8
  2744 | D:3      | Reached skill level 1 in Conjurations
  2744 | D:3      | Reached skill level 1 in Charms
  2744 | D:3      | Reached skill level 1 in Summonings
  2744 | D:3      | Reached skill level 1 in Necromancy
  2744 | D:3      | Reached skill level 1 in Translocations
  2744 | D:3      | Reached skill level 1 in Transmutations
  2744 | D:3      | Reached skill level 1 in Fire Magic
  2744 | D:3      | Reached skill level 1 in Ice Magic
  2744 | D:3      | Reached skill level 1 in Air Magic
  2744 | D:3      | Reached skill level 1 in Earth Magic
  2744 | D:3      | Reached skill level 1 in Poison Magic
  3365 | D:3      | Found a glowing golden altar of the Shining One.
  3421 | D:3      | Reached XP level 5. HP: 31/40 MP: 9/9
  3928 | D:3      | Found an opulent altar of Gozag.
  3928 | D:3      | Found a shadowy altar of Dithmenos.
  4439 | D:4      | Reached XP level 6. HP: 44/47 MP: 10/10
  4451 | D:4      | Noticed Fuxmar's ghost (amateur GrFi)
  4589 | D:4      | Learned a level 4 spell: Cause Fear
  4602 | D:4      | Found a deep blue altar of Sif Muna.
  4721 | D:3      | Reached skill level 5 in Throwing
  4721 | D:3      | Reached skill level 5 in Dodging
  5420 | D:4      | Reached XP level 7. HP: 40/52 MP: 12/12
  5640 | D:5      | Entered Level 5 of the Dungeon
  5751 | D:5      | Noticed Edmund
  5803 | D:5      | Found a sand-covered staircase.
  5812 | Ossuary  | Entered an ossuary
  7098 | D:5      | Killed Edmund
  7098 | D:5      | Reached skill level 6 in Hexes
  7098 | D:5      | Reached XP level 8. HP: 45/60 MP: 5/14
  7232 | D:5      | You fall through a shaft for 3 floors!
  7273 | D:8      | HP: 2/90 [hound (3)]
  7715 | D:8      | Found Jiboeb's Magic Scroll Shoppe.
  7770 | D:8      | HP: 1/61 [black bear (6)]
  7770 | D:8      | Mangled by a black bear

Skill      XL: |  1  2  3  4  5  6  7  8 |
---------------+-------------------------+-----
Invocations    | 1 2 3 |  3.7
Short Blades   | 1 2 3 |  3.4
Long Blades    | 1 2 3 |  3.4
Axes           | 1 2 3 |  3.4
Maces & Flails | 1 2 3 |  3.4
Polearms       | 1 2 3 |  3.4
Staves         | 1 2 3 |  3.4
Slings         | 1 2 3 |  3.4
Bows           | 1 2 3 |  3.4
Crossbows      | 1 2 3 |  3.4
Armour         | 1 2 3 |  3.4
Stealth        | 1 2 3 |  3.4
Shields        | 1 2 3 |  3.4
Unarmed Combat | 1 2 3 |  3.4
Evocations     | 1 2 3 |  3.4
Spellcasting   | 3 4 |  4.5
Conjurations   | 1 2 |  2.8
Charms         | 1 2 |  2.8
Summonings     | 1 2 |  2.8
Necromancy     | 1 2 |  2.8
Translocations | 1 2 |  2.8
Transmutations | 1 2 |  2.8
Fire Magic     | 1 2 |  2.8
Ice Magic      | 1 2 |  2.8
Air Magic      | 1 2 |  2.8
Earth Magic    | 1 2 |  2.8
Poison Magic   | 1 2 |  2.8
Fighting       | 3 4 |  4.3
Throwing       | 5 |  5.8
Dodging        | 5 |  5.8
Hexes          | 6 |  6.2

Action                   |  1- 3 |  4- 6 |  7- 9 || total
-------------------------+-------+-------+-------++-------
Melee: Dagger            |   102 |       |       ||   102
       Club              |     6 |       |       ||     6
       Bite              |    16 |    25 |    28 ||    69
       Unarmed           |     5 |       |       ||     5
       Spear             |       |    97 |       ||    97
       Short sword       |       |   104 |   282 ||   386
       Punch             |       |     1 |     2 ||     3
 Fire: Blowgun           |       |     6 |     7 ||    13
Throw: Javelin           |    29 |       |     4 ||    33
       Throwing net      |     5 |       |       ||     5
 Cast: Corona            |    28 |    11 |    17 ||    56
       Slow              |    10 |    15 |    32 ||    57
  Use: Potion            |       |     3 |     5 ||     8
 Stab: Sleeping          |     3 |     7 |     1 ||    11
       Distracted        |       |     1 |       ||     1
  Eat: Chunk             |     5 |    11 |     5 ||    21
       Ration            |       |       |     1 ||     1
Armor: Robe              |    23 |       |       ||    23
       Ring mail         |     6 |    41 |    56 ||   103
       Skin              |       |       |    18 ||    18
Dodge: Dodged            |   108 |   125 |   237 ||   470
